 Dungeon Crawl Stone Soup version 0.18-a0-1800-gdc7a371 (webtiles) character file.

19 M4edhros the Grave Robber (level 2, -1/17 HPs)
             Began as an Octopode Necromancer on Apr 24, 2016.
             Slain by a kobold
             ... wielding a +0 short sword
              (5 damage)
             ... on level 2 of the Dungeon.
             The game lasted 00:01:29 (298 turns).

M4edhros the Grave Robber (Octopode Necromancer)     Turns: 298, Time: 00:01:30

Health: -1/17      AC:  1    Str:  7    XL:     2   Next: 75%
Magic:  2/5        EV: 12    Int: 17    God:
Gold:   19         SH:  0    Dex: 12    Spells: 1 memorised, 4 levels left

rFire  . . .     SeeInvis .       - Unarmed
rCold  . . .     Gourm    .     (no shield)
rNeg   . . .     Faith    .     (helmet restricted)
rPois  .         Spirit   .     (no amulet)
rElec  .         Dismiss  .     d - ring of protection from magic
rCorr  .         Reflect  .     (no ring)
SustAt .         Harm     .     (no ring)
MR     +....                    (no ring)
Stlth  +++.......               (no ring)
                                (no ring)
                                (no ring)
                                (no ring)

@: somewhat resistant to hostile enchantments, fairly stealthy
A: almost no armour, amphibious, 8 rings, constrict 8, camouflage 1, gelatinous
body 1
a: no special abilities


You were on level 2 of the Dungeon.
You were not hungry.

You visited 1 branch of the dungeon, and saw 2 of its levels.

You collected 19 gold pieces.

Inventory:

Missiles
 c - 7 curare-tipped needles
 i - 6 stones (quivered)
Jewellery
 d - a ring of protection from magic (left tentacle)
Scrolls
 e - 2 scrolls of identify {unknown}
Potions
 f - a potion of heal wounds {unknown}
 g - a potion of haste {unknown}
 h - a potion of might {unknown}
Books
 a - a book of Necromancy

   Spells                             Type                      Level
   a - Pain                           Necromancy                   1
   b - Animate Skeleton               Necromancy                   1
   c - Vampiric Draining              Necromancy                   3
   d - Regeneration                   Charms/Necromancy            3
   e - Animate Dead                   Necromancy                   4
   f - Control Undead                 Necromancy                   4
Comestibles
 b - a bread ration
 j - a slice of pizza


   Skills:
 - Level 2.0 Dodging
 - Level 2.6 Stealth
 + Level 2.2 Unarmed Combat
 - Level 2.0 Spellcasting
 - Level 4.0 Necromancy


You had 4 spell levels left.
You knew the following spells:

 Your Spells              Type           Power        Failure   Level  Hunger
a - Pain                  Necr           ###.         3%          1    #......


Dungeon Overview and Level Annotations

Branches:
Dungeon (2/15)

Altars:


Innate Abilities, Weirdness & Mutations

You cannot wear most types of armour.
You are amphibious.
You can wear up to eight rings at the same time.
You can use your tentacles to constrict eight enemies at once.
Your skin changes colour to match your surroundings (Stealth).
Your rubbery body absorbs attacks (AC +1).


Message History

The bat struggles to escape constriction. x2
You tentacle-slap the bat.
The bat is severely wounded.
You constrict the bat.
You kill the bat!
The kobold throws a stone.
The stone misses you.
Casting: Pain
Confirm with . or Enter, or press ? or * to list all spells.
Aiming: Pain
Press: ? - help, Shift-Dir - straight line, f - kobold
Aim: a kobold (chance to defeat MR: 92%)
The kobold convulses in agony!
You kill the kobold!
Casting: Pain
Confirm with . or Enter, or press ? or * to list all spells.
Aiming: Pain
Press: ? - help, Shift-Dir - straight line, f - kobold
Aim: a kobold, wielding a short sword (chance to defeat MR: 92%)
The kobold convulses in agony!
The kobold hits you with a short sword.
You die...

#......##.......####
#.[....'†..........#
#......##†#####.##.#
#......##.# #.##.#
#########.. #.##.#
####### #### #.##.#
..>.... ...#.#
#.....################.#
+....(K@....(..........#
#.....##################
#..... #)..). #.....
######


You could see a kobold.

Vanquished Creatures
  3 bats
  2 giant cockroaches
  3 hobgoblins (D:1)
  6 kobolds
  A ball python (D:1)
  2 rats (D:1)
17 creatures vanquished.

Notes
Turn   | Place    | Note
--------------------------------------------------------------
     0 | D:1      | M4edhros the Octopode Necromancer began the quest for the Orb.
     0 | D:1      | Reached XP level 1. HP: 11/11 MP: 3/3
    81 | D:1      | Reached skill level 1 in Unarmed Combat
   136 | D:1      | Reached XP level 2. HP: 12/17 MP: 3/5
   298 | D:2      | Slain by a kobold

Vault maps used:
D:1:      dpeg_arrival_windows_large_door
D:2:      good_gods_mini_temple, grunt_pakellas_basics

Skill      XL: |  1  2 |
---------------+-------+-----
Unarmed Combat | 1 2 |  2.2
Dodging        | |  2.0
Stealth        | |  2.6
Spellcasting   | |  2.0
Necromancy     | |  4.0

Action                   || total
-------------------------++-------
Melee: Unarmed           ||     3
       Tentacles         ||     1
       Constrict         ||     1
 Cast: Pain              ||    20
Armor: Skin              ||     1
Dodge: Dodged            ||     8
